AoeStats
← Pwncakes

Nomad

509467900Analyzed
2v2 RM · 5d ago on Sep 26, 2026· 35m 28s· 4 players
Game mode
Random Map
Map size
176×176
Population
200
Speed
Normal
Resources
Standard
Victory
Conquest
Starting age
Dark Age
Ending age
Imperial Age
RankedLock teamsTeams togetherTeam positionsShared explorationLock speedFull tech treeHidden civsTurbo modeCheats
Victory
Defeat
🇦🇷 Vikings · Argentina
1391
+18
🇦🇺 Celts · Australia
1380
+18
🇺🇸 Persians · United States
1436
-18
🇷🇴 Varangians · Romania
1426
-18
Donezo
5:25 Loom
12:28 Feudal Age
16:27 Castle Age
14:25 Double-Bit Axe
16:31 Fletching
17:30 Bow Saw
20:19 Bodkin Arrow
21:20 Horse Collar
25:06 Ballistics
24:58 Clinker Construction
25:32 Careening
27:43 Crossbowman
28:25 Padded Archer Armor
28:16 Town Watch
28:55 Heavy Plow
30:11 Gold Mining
31:15 Leather Archer Armor
37:44 Imperial Age
Pirulo222
3:06 Loom
12:30 Feudal Age
16:27 Castle Age
14:46 Stone Mining
21:52 Double-Bit Axe
35:51 Scale Mail Armor
Pwncakes
5:10 Loom
12:48 Feudal Age
13:23 Double-Bit Axe
14:03 Gold Mining
15:21 Forging
17:35 Fletching
19:57 Castle Age
21:58 Bodkin Arrow
23:06 Bow Saw
24:05 Padded Archer Armor
25:23 Crossbowman
26:48 Fishing Lines
28:43 Gillnets
33:53 Leather Archer Armor
Skayne
4:34 Loom
12:43 Feudal Age
14:37 Double-Bit Axe
18:42 Castle Age
17:26 Fletching
18:24 Forging
19:40 Bodkin Arrow
25:36 Ballistics
27:14 Wheelbarrow
29:08 Fishing Lines
31:17 Gold Mining
31:18 Stone Mining
31:29 Horse Collar
34:10 Iron Casting
33:36 Scale Mail Armor
Connection lost

Rejoining the realm…

Still unreachable

The connection could not be restored.

Session expired

The server has moved on; the page needs a fresh start.